AoeStats
← kikillo77

Black Forest

504352035Analyzed
1v1 RM · 27d ago on Sep 5, 2026· 167m 26s· 2 players
Game mode
Random Map
Map size
Tiny (2 player)
Population
200
Speed
Normal
Resources
Standard
Victory
Conquest
Starting age
Dark Age
Ending age
Imperial Age
RankedLock teamsTeams togetherTeam positionsShared explorationLock speedFull tech treeHidden civsTurbo modeCheats
Victory
Defeat
🇵🇪 Ethiopians · Peru
704
+15
🇪🇸 Ethiopians · Spain
672
-15
kikillo77
10:18 Feudal Age
11:50 Loom
16:44 Horse Collar
16:52 Double-Bit Axe
21:49 Castle Age
24:22 Scale Mail Armor
24:34 Forging
23:50 Crossbowman
26:16 Town Watch
26:33 Padded Archer Armor
26:24 Fletching
27:03 Elite Skirmisher
29:46 Leather Archer Armor
29:26 Bodkin Arrow
35:46 Ballistics
39:13 Imperial Age
37:46 Bow Saw
37:52 Heavy Plow
41:22 Cavalier
44:56 Gold Mining
45:23 Stone Mining
55:08 Light Cavalry
62:18 Hussar
65:23 Wheelbarrow
65:33 Thumb Ring
67:05 Arbalester
68:55 Husbandry
69:33 Ring Archer Armor
71:10 Wheelbarrow
70:56 Chain Mail Armor
82:17 Scale Barding Armor
82:42 Plate Mail Armor
82:48 Iron Casting
86:01 Hand Cart
86:48 Chemistry
91:45 Bracer
92:45 Blast Furnace
96:39 Two-Man Saw
96:49 Town Patrol
103:27 Chain Barding Armor
Francisco96F
10:40 Loom
14:54 Feudal Age
17:31 Forging
20:10 Scale Mail Armor
20:56 Double-Bit Axe
23:17 Castle Age
21:05 Horse Collar
21:49 Stone Mining
25:12 Padded Archer Armor
29:14 Fletching
31:50 Bodkin Arrow
31:50 Guard Tower
33:49 Stone Shaft Mining
33:27 Bow Saw
32:43 Elite Skirmisher
34:43 Heavy Plow
38:52 Wheelbarrow
45:15 Imperial Age
45:27 Chain Mail Armor
46:25 Conscription
46:17 Onager
50:34 Siege Engineers
54:53 Halberdier
60:46 Siege Onager
62:30 Chemistry
67:18 Two-Man Saw
67:04 Gold Mining
68:13 Masonry
71:26 Ballistics
81:36 Thumb Ring
82:03 Leather Archer Armor
82:21 Plate Mail Armor
93:27 Scale Barding Armor
93:58 Iron Casting
93:40 Light Cavalry
94:22 Husbandry
94:57 Hussar
97:14 Chain Barding Armor
97:55 Blast Furnace
102:12 Arson
102:27 Squires
104:24 Torsion Engines
105:42 Ring Archer Armor
105:12 Bracer
110:13 Heavy Camel Rider
112:09 Town Watch
112:42 Hand Cart
126:36 Royal Heirs
152:28 Murder Holes
Connection lost

Rejoining the realm…

Still unreachable

The connection could not be restored.

Session expired

The server has moved on; the page needs a fresh start.